Map: Data-C

Players

Aldaron

  • Race: Zerg Zerg
  • League: Diamond
  • Spawn Location: 3:00

WakaK - Winner!

  • Race: Protoss Protoss
  • League: Diamond
  • Spawn Location: 9:00

VOD

Have the link to the VOD?

Description

Time

  • Played on: Oct. 3, 2022, 10:01 a.m.
  • Length: 8:45
Show
View Real Time Build Order
Export as new Build Order

Aldaron Zerg 

Build Orders: Hatch First 

Get SALT Encoding   

  12  0:00  Drone  
  13  0:10  Drone  
  14  0:16  Overlord  
  14  0:35  Drone x3  
  17  0:46  Drone  
  18  0:56  Hatchery  
  17  1:10  Drone x2  
  19  1:12  Extractor  
  18  1:21  Spawning Pool  
  18  1:25  Drone  
  18  1:35  Drone  
  19  1:45  Drone  
  20  1:52  Hatchery  
  19  2:02  Overlord  
  19  2:08  Queen  
  21  2:16  Metabolic Boost  
  21  2:22  Queen  
  23  2:30  Drone x2  
  23  2:31  Drone  
  23  2:33  Drone  
  23  2:36  Drone  
  28  2:38  Drone  
  29  2:58  Overlord  
  29  3:00  Drone x3  
  32  3:08  Queen  
  32  3:11  Queen  
  36  3:15  Queen  
  38  3:28  Drone x5  
  38  3:29  Drone  
  38  3:33  Spore Crawler  
  43  3:37  Spore Crawler  
  42  3:49  Spore Crawler  
  42  3:53  Drone x6  
  47  3:56  Overlord  
  47  4:04  Overlord  
  47  4:05  Zergling x2  
  47  4:06  Zergling x2  
  47  4:09  Pneumatized Carapace  
  49  4:18  Overlord  
  49  4:22  Lair  
  49  4:25  Drone  
  49  4:26  Drone x5  
  54  4:53  Queen x2  
  57  5:10  Drone x16, Extractor x2  
  57  5:11  Drone x2, Extractor  
  57  5:12  Overlord  
  72  5:24  Roach Warren  
  71  5:40  Zergling x6  
  71  5:41  Overlord x3  
  71  5:42  Overlord x5  
  74  5:53  Hatchery  
  73  5:58  Extractor  
  73  5:59  Extractor  
  71  6:04  Evolution Chamber, Roach x6  
  71  6:05  Roach x2, Glial Reconstitution  
  86  6:35  Zerg Ground Armor Level 1  
  86  6:36  Drone  
  86  6:37  Drone x4  
  91  6:57  Roach x3  
  91  6:58  Roach x13  
  123  7:03  Overseer  
  123  7:08  Hydralisk Den  
  122  7:19  Ravager x7  
  122  7:20  Zergling x6  
  122  7:21  Zergling x8  
  136  7:24  Zergling x6  
  139  7:37  Roach x2  
  139  7:38  Zergling x2  
  121  7:55  Roach x9  
  116  8:02  Roach x11  
Show
View Real Time Build Order
Export as new Build Order

WakaK Protoss - Winner!

Build Orders: 1 Gate Expand, Archon Immortal 

Get SALT Encoding   

  12  0:00  Probe  
  13  0:12  Probe  
  14  0:19  Pylon  
  14  0:24  Probe  
  15  0:38  Gateway  
  15  0:39  Probe (Chrono Boost)  
  16  0:44  Assimilator  
  17  0:50  Probe (Chrono Boost)  
  17  0:54  Probe (Chrono Boost)  
  18  1:06  Probe  
  19  1:18  Probe  
  20  1:25  Nexus  
  20  1:36  Cybernetics Core  
  20  1:37  Probe  
  21  1:42  Assimilator  
  21  1:49  Probe  
  21  1:53  Pylon  
  22  2:01  Probe (Chrono Boost)  
  23  2:13  Stalker, Probe (Chrono Boost)  
  23  2:14  Warp Gate  
  26  2:21  Probe (Chrono Boost)  
  27  2:27  Shield Battery  
  27  2:28  Probe  
  28  2:37  Probe  
  29  2:40  Probe  
  29  2:42  Stargate  
  30  2:50  Probe (Chrono Boost)  
  33  2:52  Probe (Chrono Boost)  
  33  2:54  Sentry  
  34  3:01  Probe (Chrono Boost)  
  34  3:02  Probe (Chrono Boost)  
  36  3:05  Probe (Chrono Boost)  
  36  3:07  Probe (Chrono Boost)  
  36  3:10  Assimilator  
  38  3:15  Assimilator  
  38  3:16  Probe (Chrono Boost)  
  40  3:24  Probe (Chrono Boost)  
  40  3:25  Probe (Chrono Boost)  
  41  3:30  Probe  
  46  3:35  Void Ray  
  46  3:36  Pylon  
  46  3:45  Pylon  
  46  3:51  Twilight Council  
  46  3:53  Robotics Facility  
  46  3:54  Probe x2  
  48  4:06  Probe x2  
  50  4:19  Probe x2  
  52  4:27  Charge, Pylon  
  52  4:31  Pylon, Templar Archives  
  52  4:38  Immortal (Chrono Boost)  
  56  4:47  Gateway  
  56  4:48  Gateway  
  56  4:52  Gateway  
  56  4:53  Gateway  
  56  4:58  Gateway x2  
  56  5:07  Immortal (Chrono Boost)  
  56  5:13  Gateway  
  60  5:20  Pylon  
  60  5:34  Pylon  
  60  5:36  Immortal (Chrono Boost), Pylon  
  64  5:56  High Templar  
  66  5:57  High Templar x2  
  66  5:58  High Templar  
  66  5:59  Immortal (Chrono Boost)  
  66  6:02  Zealot x2, Pylon  
  66  6:03  Zealot  
  66  6:04  Pylon  
  82  6:06  Archon x2  
  82  6:10  Zealot  
  84  6:21  Pylon  
  84  6:24  High Templar x2  
  88  6:27  Warp Prism (Chrono Boost)  
  88  6:28  Archon  
  88  6:30  Zealot x3  
  96  6:50  Zealot x6  
  108  6:58  Pylon  
  108  7:01  Pylon  
  108  7:22  Stalker x6  
  116  7:24  Sentry  
  116  7:25  Sentry  
  114  7:56  Stalker x7  
  100  8:21  Zealot x7  
  100  8:23  Zealot  
Tags
 
Add a new tag
Caveats
  • Supply blocks, unpowered buildings, or Contaminate may cause inaccurate times.
  • Supply counts are checked every 10 seconds.